cohdb
Replays
Latest Replays
All Replays
Popular Replays
Top Player Replays
Match Explorer
How It Works
Community
CoH3 Stats
Reddit
Sign in to upload your games and track your stats! →
Sign in with Steam
Match 43676115
Unlisted
Match 43676115
Overview
Messages
Build Orders
End
Selects Breakthrough Battlegroup
Selects Assault Grenadiers
Construct Infanterie Kompanie
MG 42 Machine Gun Team
Grenadier Squad
Medical Station
Construct Panzergrenadier Kompanie
Selects 2.5-tonne Cargo Truck
2.5-tonne Cargo Truck
MG 42 Bunker
Support Elements
StuG III G Assault Gun
Side Skirts
Selects Blitzkrieg
Construct Panzer Kompanie
Panzergrenadier Squad
Repair Bunker
Panzer IV Medium Tank
Longbow
anioki
Maelstrom
ИИ - Эксперт
ИИ - Эксперт
ИИ - Эксперт
0
0
Comments
sign in to comment!
No comments posted yet!